| TOP OF THE 1ST |
|
Asheville Tourists batting - Pitching for Columbus Skeeters : LHP Jeffrey Harryman
|
|
Pitching: LHP Jeffrey Harryman
|
|
|
Batting: RHB Ulises Infante
|
0-0: Ball 1-0: Ground out U3 (Groundball, 34S, EV 86.9 MPH)
|
|
Batting: RHB Jack Ramirez
|
0-0: Called Strike 0-1: Ball 1-1: Ball 2-1: Ball 3-1: Base on Balls
|
|
Batting: LHB Mike Aldrete
|
0-0: Called Strike 0-1: Ball 1-1: Called Strike 1-2: Ground out 4-3 (Groundball, 4S, EV 68.8 MPH) Jack Ramirez to second
|
|
Batting: LHB Donald Mazzilli
|
0-0: Ball 1-0: Called Strike 1-1: Ball 2-1: Ball 3-1: Base on Balls
|
|
Batting: RHB Mike Garcia
|
0-0: Called Strike 0-1: Swinging Strike 0-2: Ball 1-2: Ball 2-2: Strikes out swinging
|
| Top of the 1st over - 0 runs, 0 hits, 0 errors, 2 left on base; Asheville 0 - Columbus 0 |
| BOTTOM OF THE 1ST |
|
Columbus Skeeters batting - Pitching for Asheville Tourists : RHP Lazaro Santin
|
|
Pitching: RHP Lazaro Santin
|
|
|
Batting: SHB Mike Howard
|
0-0: Foul Ball, location: 2F 0-1: Foul Ball, location: 2F 0-2: Ball 1-2: Foul Ball, location: 2F 1-2: Foul Ball, location: 2F 1-2: Ball 2-2: Strikes out swinging
|
|
Batting: LHB Pete Mueller
|
0-0: Ball 1-0: Ball 2-0: Ball 3-0: Called Strike 3-1: Base on Balls
|
|
Batting: RHB Heri Ramirez
|
0-0: Ball 1-0: Foul Ball, location: 2F 1-1: Grounds into double play, 6-4-3 (Groundball, 6, EV 76.9 MPH)
|
| Bottom of the 1st over - 0 runs, 0 hits, 0 errors, 0 left on base; Asheville 0 - Columbus 0 |
| TOP OF THE 2ND |
|
Asheville Tourists batting - Pitching for Columbus Skeeters : LHP Jeffrey Harryman
|
|
Batting: RHB Tony Toups
|
0-0: Called Strike 0-1: Called Strike 0-2: Ground out 5-3 (Groundball, 56, EV 97.5 MPH)
|
|
Batting: SHB Wayne Simmons
|
0-0: Ball 1-0: Called Strike 1-1: Foul Ball, location: 2F 1-2: Strikes out looking
|
|
Batting: LHB Daniel McInerny
|
0-0: Swinging Strike 0-1: Foul Ball, location: 2F 0-2: Foul Ball, location: 2F 0-2: Strikes out swinging
|
| Top of the 2nd over - 0 runs, 0 hits, 0 errors, 0 left on base; Asheville 0 - Columbus 0 |
| BOTTOM OF THE 2ND |
|
Columbus Skeeters batting - Pitching for Asheville Tourists : RHP Lazaro Santin
|
|
Batting: LHB Sam Horn
|
0-0: Called Strike 0-1: Ball 1-1: Ball 2-1: Swinging Strike 2-2: Strikes out swinging
|
|
Batting: RHB Danny Sheaffer
|
0-0: Ball 1-0: Called Strike 1-1: SINGLE (Line Drive, 34, EV 101.3 MPH)
|
|
Batting: LHB John Weller
|
0-0: Called Strike 0-1: Foul Ball, location: 2F 0-2: Strikes out looking
|
|
Batting: LHB Jay Erdahl
|
0-0: Ball 1-0: Ball 2-0: Called Strike 2-1: Ball 3-1: SINGLE (Groundball, 13S, EV 66.3 MPH) (infield hit) Danny Sheaffer to second
|
|
Batting: RHB Dave White
|
0-0: Fly out, F9 (Flyball, 89M, EV 90.6 MPH)
|
| Bottom of the 2nd over - 0 runs, 2 hits, 0 errors, 2 left on base; Asheville 0 - Columbus 0 |
| TOP OF THE 3RD |
|
Asheville Tourists batting - Pitching for Columbus Skeeters : LHP Jeffrey Harryman
|
|
Batting: RHB Thomas Wright
|
0-0: Ground out 6-3 (Groundball, 6S, EV 84.4 MPH)
|
|
Batting: RHB Ulises Infante
|
0-0: Swinging Strike 0-1: Ball 1-1: Ground out 5-3 (Groundball, 56S, EV 84.4 MPH)
|
|
Batting: RHB Jack Ramirez
|
0-0: Called Strike 0-1: Ground out U3 (Groundball, 34, EV 107.5 MPH)
|
| Top of the 3rd over - 0 runs, 0 hits, 0 errors, 0 left on base; Asheville 0 - Columbus 0 |
| BOTTOM OF THE 3RD |
|
Columbus Skeeters batting - Pitching for Asheville Tourists : RHP Lazaro Santin
|
|
Batting: RHB Gregory Pastors
|
0-0: Called Strike 0-1: Called Strike 0-2: Ball 1-2: Strikes out swinging
|
|
Batting: SHB Mike Howard
|
0-0: Swinging Strike 0-1: Swinging Strike 0-2: Fly out, F4 (Popup, 4D, EV 51.9 MPH)
|
|
Batting: LHB Pete Mueller
|
0-0: TRIPLE (Flyball, 89XD, EV 108.1 MPH)
|
|
Batting: RHB Heri Ramirez
|
0-0: Ball 1-0: Ground out 5-3 (Groundball, 5S, EV 83.8 MPH)
|
| Bottom of the 3rd over - 0 runs, 1 hit, 0 errors, 1 left on base; Asheville 0 - Columbus 0 |
| TOP OF THE 4TH |
|
Asheville Tourists batting - Pitching for Columbus Skeeters : LHP Jeffrey Harryman
|
|
Batting: LHB Mike Aldrete
|
0-0: Ball 1-0: Called Strike 1-1: Ball 2-1: Called Strike 2-2: Fly out, F8 (Line Drive, 8LM, EV 90.6 MPH)
|
|
Batting: LHB Donald Mazzilli
|
0-0: Called Strike 0-1: Ball 1-1: Ball 2-1: Ball 3-1: Called Strike 3-2: Base on Balls
|
|
Batting: RHB Mike Garcia
|
0-0: Swinging Strike 0-1: Foul Ball, location: 2F 0-2: Ball 1-2: Strikes out swinging
|
|
Batting: RHB Tony Toups
|
0-0: Called Strike 0-1: Ball 1-1: SINGLE (Line Drive, 89S, EV 88.1 MPH) Donald Mazzilli to second Runner from 2nd tries for 3rd, SAFE, throw by CF made to third
|
|
Batting: SHB Wayne Simmons
|
0-0: SINGLE (Groundball, 56S, EV 71.9 MPH) (infield hit) Donald Mazzilli scores Tony Toups to second
|
|
Batting: LHB Daniel McInerny
|
0-0: Foul Ball, location: 2F 0-1: Ball 1-1: Ball Wild Pitch! Tony Toups to third Wayne Simmons to second 2-1: Fly out, F6 (Flyball, 56D, EV 86.9 MPH)
|
| Top of the 4th over - 1 run, 2 hits, 0 errors, 2 left on base; Asheville 1 - Columbus 0 |
| BOTTOM OF THE 4TH |
|
Columbus Skeeters batting - Pitching for Asheville Tourists : RHP Lazaro Santin
|
|
Batting: LHB Sam Horn
|
0-0: Ball 1-0: Called Strike 1-1: Ball 2-1: Called Strike 2-2: Fly out, F4 (Flyball, 34D, EV 80.0 MPH)
|
|
Batting: RHB Danny Sheaffer
|
0-0: Called Strike 0-1: Foul Ball, location: 2F 0-2: SINGLE (Line Drive, 9S, EV 90.0 MPH)
|
|
Batting: LHB John Weller
|
0-0: Called Strike 0-1: Swinging Strike 0-2: Ball Wild Pitch! Danny Sheaffer to second 1-2: Ball 2-2: Ball 3-2: Base on Balls
|
|
Batting: LHB Jay Erdahl
|
0-0: Ball 1-0: Ball 2-0: Called Strike 2-1: Ball 3-1: Base on Balls Danny Sheaffer to third John Weller to second
|
|
Batting: RHB Dave White
|
0-0: Ball 1-0: Foul Ball, location: 2F 1-1: Ball 2-1: Swinging Strike 2-2: Foul Ball, location: 2F 2-2: GRAND SLAM HOME RUN (Flyball, 7D, EV 96.9 MPH), Distance : 361 ft
|
|
Batting: RHB Gregory Pastors
|
0-0: Called Strike 0-1: Foul Ball, location: 2F 0-2: Ball 1-2: Ball 2-2: Foul Ball, location: 2F 2-2: Ball 3-2: Ground out 6-3 (Groundball, 56, EV 78.1 MPH)
|
|
Batting: SHB Mike Howard
|
0-0: Ball 1-0: Ball 2-0: Called Strike 2-1: Swinging Strike 2-2: Strikes out swinging
|
| Bottom of the 4th over - 4 runs, 2 hits, 0 errors, 0 left on base; Asheville 1 - Columbus 4 |
| TOP OF THE 5TH |
|
Asheville Tourists batting - Pitching for Columbus Skeeters : LHP Jeffrey Harryman
|
|
Batting: RHB Thomas Wright
|
0-0: Called Strike 0-1: Ball 1-1: Foul Ball, location: 2F 1-2: Strikes out swinging
|
|
Batting: RHB Ulises Infante
|
0-0: Called Strike 0-1: Fly out, F8 (Flyball, 89S, EV 90.0 MPH)
|
|
Batting: RHB Jack Ramirez
|
0-0: Called Strike 0-1: Ball 1-1: Foul Ball, location: 2F 1-2: Ball 2-2: Ground out 6-3 (Groundball, 6M, EV 103.1 MPH)
|
| Top of the 5th over - 0 runs, 0 hits, 0 errors, 0 left on base; Asheville 1 - Columbus 4 |
| BOTTOM OF THE 5TH |
|
Columbus Skeeters batting - Pitching for Asheville Tourists : RHP Lazaro Santin
|
|
Batting: LHB Pete Mueller
|
0-0: Called Strike 0-1: Ball 1-1: Foul Ball, location: 2F 1-2: Strikes out swinging
|
|
Batting: RHB Heri Ramirez
|
0-0: Swinging Strike 0-1: Ball 1-1: Foul Ball, location: 2F 1-2: Foul Ball, location: 2F 1-2: Ball 2-2: Ground out 4-3 (Groundball, 4, EV 96.3 MPH)
|
|
Batting: LHB Sam Horn
|
0-0: Swinging Strike 0-1: Ball 1-1: Swinging Strike 1-2: Foul Ball, location: 2F 1-2: Ball 2-2: Ball 3-2: Foul Ball, location: 2F 3-2: Strikes out swinging
|
| Bottom of the 5th over - 0 runs, 0 hits, 0 errors, 0 left on base; Asheville 1 - Columbus 4 |
| TOP OF THE 6TH |
|
Asheville Tourists batting - Pitching for Columbus Skeeters : LHP Jeffrey Harryman
|
|
Batting: LHB Mike Aldrete
|
0-0: Ball 1-0: Ground out U3 (Groundball, 3, EV 80.0 MPH)
|
|
Batting: LHB Donald Mazzilli
|
0-0: Swinging Strike 0-1: Foul Ball, location: 2F 0-2: Strikes out swinging
|
|
Batting: RHB Mike Garcia
|
0-0: Fly out, F8 (Flyball, 89D, EV 94.4 MPH)
|
| Top of the 6th over - 0 runs, 0 hits, 0 errors, 0 left on base; Asheville 1 - Columbus 4 |
| BOTTOM OF THE 6TH |
|
Columbus Skeeters batting - Pitching for Asheville Tourists : RHP Lazaro Santin
|
|
Batting: RHB Danny Sheaffer
|
0-0: Called Strike 0-1: Ball 1-1: Called Strike 1-2: Fly out, F8 (Line Drive, 8LM, EV 96.9 MPH)
|
|
Batting: LHB John Weller
|
0-0: Called Strike 0-1: Ball 1-1: Ball 2-1: Foul Ball, location: 2F 2-2: Foul Ball, location: 2F 2-2: Ball 3-2: Strikes out swinging
|
|
Batting: LHB Jay Erdahl
|
0-0: Ball 1-0: Ground out 4-3 (Groundball, 4, EV 90.6 MPH)
|
| Bottom of the 6th over - 0 runs, 0 hits, 0 errors, 0 left on base; Asheville 1 - Columbus 4 |
| TOP OF THE 7TH |
|
Asheville Tourists batting - Pitching for Columbus Skeeters : LHP Jeffrey Harryman
|
|
Batting: RHB Tony Toups
|
0-0: Called Strike 0-1: Fly out, F9 (Line Drive, 9, EV 91.9 MPH)
|
|
Batting: SHB Wayne Simmons
|
0-0: Ball 1-0: Ball 2-0: Ball 3-0: Base on Balls
|
|
Batting: LHB Daniel McInerny
|
0-0: Ball Wayne Simmons is caught stealing 2nd base 2-6 1-0: Foul Ball, location: 2F 1-1: Called Strike 1-2: Ball 2-2: Ball 3-2: Base on Balls
|
|
Batting: RHB Thomas Wright
|
0-0: Called Strike 0-1: Swinging Strike 0-2: Strikes out swinging
|
| Top of the 7th over - 0 runs, 0 hits, 0 errors, 1 left on base; Asheville 1 - Columbus 4 |
| BOTTOM OF THE 7TH |
|
Columbus Skeeters batting - Pitching for Asheville Tourists : RHP Lazaro Santin
|
|
Batting: RHB Dave White
|
0-0: Ball 1-0: Foul Ball, location: 2F 1-1: Ball 2-1: DOUBLE (Groundball, 5L, EV 107.5 MPH)
|
|
Batting: RHB Gregory Pastors
|
0-0: Ball 1-0: Called Strike 1-1: Ball 2-1: Ball 3-1: Called Strike 3-2: Foul Ball, location: 2F 3-2: Base on Balls
|
|
Pitching: RHP Jeff Barkley
|
|
|
Batting: SHB Mike Howard
|
0-0: Called Strike 0-1: Ball 1-1: Ball 2-1: SINGLE (Line Drive, 7S, EV 94.4 MPH) Dave White to third Gregory Pastors to second
|
|
Batting: LHB Pete Mueller
|
0-0: Foul Ball, location: 2F 0-1: Ball 1-1: Called Strike 1-2: Foul Ball, location: 2F 1-2: Grounds into fielders choice 4-2 (Groundball, 13, EV 90.0 MPH) Gregory Pastors to third Mike Howard to second
|
|
Batting: RHB Heri Ramirez
|
0-0: Called Strike 0-1: Ball 1-1: Ball 2-1: Foul Ball, location: 2F 2-2: Strikes out swinging
|
|
Batting: LHB Sam Horn
|
0-0: Ball 1-0: Swinging Strike 1-1: Foul Ball, location: 2F 1-2: Ball 2-2: Ball 3-2: Fly out, F8 (Line Drive, 8RD, EV 83.1 MPH)
|
| Bottom of the 7th over - 0 runs, 2 hits, 0 errors, 3 left on base; Asheville 1 - Columbus 4 |
| TOP OF THE 8TH |
|
Asheville Tourists batting - Pitching for Columbus Skeeters : LHP Jeffrey Harryman
|
|
Batting: RHB Ulises Infante
|
0-0: Foul Ball, location: 2F 0-1: Ball 1-1: Foul Ball, location: 2F 1-2: Foul Ball, location: 2F 1-2: Ball 2-2: SINGLE (Line Drive, 8RS, EV 105.0 MPH)
|
|
Batting: RHB Jack Ramirez
|
0-0: Ball 1-0: Called Strike 1-1: Swinging Strike 1-2: Strikes out swinging
|
|
Batting: LHB Mike Aldrete
|
0-0: Ball 1-0: Called Strike 1-1: Ball 2-1: Called Strike 2-2: Ball 3-2: Strikes out swinging Ulises Infante steals 2nd base Batter strikes out.
|
|
Batting: LHB Donald Mazzilli
|
0-0: Ball 1-0: Fly out, F3 (Line Drive, 3, EV 72.5 MPH)
|
| Top of the 8th over - 0 runs, 1 hit, 0 errors, 1 left on base; Asheville 1 - Columbus 4 |
| BOTTOM OF THE 8TH |
|
Columbus Skeeters batting - Pitching for Asheville Tourists : RHP Jeff Barkley
|
|
Batting: RHB Danny Sheaffer
|
0-0: Called Strike 0-1: Ball 1-1: Ball 2-1: Ball 3-1: SINGLE (Groundball, 56, EV 99.4 MPH) (infield hit)
|
|
Batting: LHB John Weller
|
0-0: Sac Bunt to 15 - play at second, runner OUT! 1-6
|
|
Batting: LHB Jay Erdahl
|
0-0: Ball 1-0: Ball 2-0: Foul Ball, location: 2F 2-1: Ball 3-1: Foul Ball, location: 2F 3-2: Strikes out swinging John Weller is caught stealing 2nd base 2-6 Batter strikes out.
|
| Bottom of the 8th over - 0 runs, 1 hit, 0 errors, 0 left on base; Asheville 1 - Columbus 4 |
| TOP OF THE 9TH |
|
Asheville Tourists batting - Pitching for Columbus Skeeters : LHP Jeffrey Harryman
|
|
Pitching: LHP Keith Comstock
|
|
|
Batting: RHB Mike Garcia
|
0-0: Called Strike 0-1: Foul Ball, location: 2F 0-2: Fly out, F4 (Popup, 4D, EV 55.0 MPH)
|
|
Batting: RHB Tony Toups
|
0-0: Foul Ball, location: 2F 0-1: Swinging Strike 0-2: Fly out, F9 (Line Drive, 9, EV 98.8 MPH)
|
|
Batting: SHB Wayne Simmons
|
0-0: Ball 1-0: Ball 2-0: Called Strike 2-1: SINGLE (Line Drive, 8LS, EV 87.5 MPH)
|
|
Batting: LHB Daniel McInerny
|
0-0: Ball 1-0: Ball 2-0: Ground out 4-3 (Groundball, 4, EV 101.9 MPH)
|
| Top of the 9th over - 0 runs, 1 hit, 0 errors, 1 left on base; Asheville 1 - Columbus 4 |
|